 Dungeon Crawl Stone Soup version 0.30-a0-50-gb2d611f6b1 (webtiles) character file.

Game seed: 11209131007803563748

128 pokeman the Magician (level 4, -2/25 HPs)
             Began as a Deep Elf Hedge Wizard on Sept 4, 2022.
             Was an Initiate of Vehumet.
             Slain by a mummy (15 damage)
             ... in an ossuary.
             The game lasted 00:06:21 (4111 turns).

pokeman the Magician (Deep Elf Hedge Wizard)        Turns: 4111, Time: 00:06:21

Health: -2/25      AC:  6    Str:  7    XL:     4   Next: 87%
Magic:  2/22       EV: 13    Int: 21    God:    Vehumet [......]
Gold:   149        SH:  0    Dex: 14    Spells: 0/14 levels left

rFire   . . .      SeeInvis +    s - +2 dagger (venom)
rCold   . . .      Faith    .    (no shield)
rNeg    . . .      Spirit   .    b - +0 robe
rPois   .          Reflect  .    c - +0 hat
rElec   .          Harm     .    (no cloak)
rCorr   .          Rampage  .    m - +2 pair of gloves
Will    .....                    k - +0 pair of boots
Stlth   ++........               (no amulet)
HPRegen 0.08/turn                h - ring of magical power
MPRegen 0.18/turn                l - ring of see invisible

@: no status effects
A: no striking features
a: Renounce Religion


You were in an ossuary.
You worshipped Vehumet.
Vehumet was noncommittal.
You visited 1 branch of the dungeon, and saw 4 of its levels.
You also visited: Ossuary.

You collected 149 gold pieces.

Inventory:

Hand Weapons
 s - a +2 dagger of venom (weapon)
Armour
 b - a +0 robe (worn)
 c - a +0 hat (worn)
 k - a +0 pair of boots (worn)
 m - a +2 pair of gloves (worn)
Jewellery
 h - a ring of magical power (left hand)
 l - a ring of see invisible (right hand)
 p - a ring of positive energy
 w - a ring of protection from fire
Scrolls
 a - 2 scrolls of blinking {unknown}
 f - 2 scrolls of teleportation {unknown}
 i - 2 scrolls of amnesia {unknown}
 j - 2 scrolls of identify {unknown}
 n - 4 scrolls of fog {unknown}
 o - a scroll of summoning
 v - a scroll of magic mapping {unknown}
 y - a scroll of silence {unknown}
Potions
 d - a potion of magic
 e - a potion of mutation {unknown}
 g - 2 potions of curing {unknown}
 q - a potion of attraction {unknown}
 r - a potion of ambrosia {unknown}
 t - a potion of lignification {unknown}
 u - a potion of degeneration {unknown}
 x - a potion of might {unknown}
 z - a potion of brilliance {unknown}


   Skills:
 - Level 1.0 Fighting
 - Level 1.0 Armour
 + Level 2.9 Dodging
 - Level 3.0 Stealth
 * Level 5.9 Spellcasting
 + Level 2.4 Conjurations
 - Level 1.1 Summonings
 - Level 1.1 Translocations
 + Level 0.0 Fire Magic


You couldn't memorise any spells.
You knew the following spells:

 Your Spells              Type           Power      Damage    Failure   Level
a - Magic Dart            Conj           64%        1d6       3%          1
b - Mephitic Cloud        Conj/Pois/Air  9%         N/A       22%         3
c - Call Imp              Summ           10%        N/A       10%         2
d - Blink                 Tloc           20%        N/A       10%         2
e - Conjure Flame         Conj/Fire      11%        6-21      19%         3
f - Stone Arrow           Conj/Erth      22%        3d8       19%         3

Your spell library contained the following spells:

 Spells                   Type           Power      Damage    Failure   Level
 Sandblast                Erth           12%        2d6       10%         1
 Slow                     Hex            24%        N/A       10%         1
 Passwall                 Tmut/Erth      5%         N/A       16%         2


Dungeon Overview and Level Annotations

Branches:
Dungeon (4/15)            Ossuary (1/1)
 Temple: D:4-7

Altars:
Elyvilon
Fedhas
Gozag
Kikubaaqudgha
Vehumet

Shops:
D:2 =


Message History

The magic dart hits the mummy.
You destroy the mummy!
Vehumet accepts your kill.
Your Stealth skill increases to level 3!
Unknown command.
Casting: Magic Dart (safe; 3% risk of failure)
Confirm with . or Enter, or press ? or * to list all spells.
Aiming: Magic Dart (safe; 3% risk of failure)
Press: ? - help, Shift-Dir - straight line, f - mummy
Aim: a mummy (100% to hit)
The magic dart hits the mummy.
The mummy is lightly damaged.
Casting: Magic Dart (safe; 3% risk of failure)
Confirm with . or Enter, or press ? or * to list all spells.
Aiming: Magic Dart (safe; 3% risk of failure)
Press: ? - help, Shift-Dir - straight line, f/p - mummy
Aim: a mummy (100% to hit)
The magic dart hits the mummy but does no damage.
Casting: Magic Dart (safe; 3% risk of failure)
Confirm with . or Enter, or press ? or * to list all spells.
Aiming: Magic Dart (safe; 3% risk of failure)
Press: ? - help, Shift-Dir - straight line, f/p - mummy
Aim: a mummy (100% to hit)
The magic dart hits the mummy.
The mummy is moderately damaged.
Casting: Magic Dart (safe; 3% risk of failure)
Confirm with . or Enter, or press ? or * to list all spells.
Aiming: Magic Dart (safe; 3% risk of failure)
Press: ? - help, Shift-Dir - straight line, f/p - mummy
Aim: a mummy (moderately damaged, 100% to hit)
The magic dart hits the mummy.
The mummy is moderately damaged.
You close the door.
A mummy opens the door.
You barely miss the mummy. You hit the mummy.
The mummy is moderately damaged.
Found a fizzy pink potion and 18 gold pieces.
The mummy hits you!
Ouch! That really hurt!
You die...

##...... ###
#......##..## ..M
#.....##....##...
#................
#.M.............
##MM............
#M##........#
##.M##......##
#..@.##....##
#......#.M..#
#$......#....#
#$!?....#.M..#
#$$!....#MZ..#
##$.....#....#
#$$...##....#
##$!..##.M..#
#.∩∩.#


You could see 4 mummies.

Vanquished Creatures
  A mummy (Ossuary)
  2 adders
  4 worms
  A dart slug (D:1)
  4 orcs (D:3)
  6 endoplasms
  2 giant cockroaches
  A gnoll zombie (Ossuary)
  6 hobgoblins
  6 jackals
  3 quokkas
  4 ball pythons
  7 bats
  3 frilled lizards (D:3)
  7 goblins
  2 hobgoblin zombies (Ossuary)
  7 kobolds
  A kobold zombie (Ossuary)
  3 orc zombies (Ossuary)
  11 rats
81 creatures vanquished.

Vanquished Creatures (others)
  5 plants (D:3)
5 creatures vanquished.

Grand Total: 86 creatures vanquished

Notes
Turn   | Place    | Note
-------+----------+-------------------------------------------
     0 | D:1      | pokeman the Deep Elf Hedge Wizard began the quest for the
                  | Orb.
     0 | D:1      | Reached XP level 1. HP: 10/10 MP: 7/7
   285 | D:1      | Reached XP level 2. HP: 16/16 MP: 6/9
   869 | D:1      | Reached skill level 5 in Spellcasting
   884 | D:1      | Reached XP level 3. HP: 19/20 MP: 2/11
   895 | D:1      | Learned a level 3 spell: Mephitic Cloud
   898 | D:1      | Learned a level 2 spell: Call Imp
   901 | D:1      | Learned a level 2 spell: Blink
   905 | D:1      | Learned a level 3 spell: Conjure Flame
  1073 | D:1      | Found a faded altar of an unknown god.
  1588 | D:2      | Reached skill level 1 in Armour
  1625 | D:2      | Found Anerhao's Jewellery Shoppe.
  1757 | D:2      | Reached skill level 1 in Fighting
  2722 | D:3      | Reached XP level 4. HP: 25/25 MP: 13/13
  2754 | D:3      | Learned a level 3 spell: Stone Arrow
  2761 | D:3      | Found a radiant altar of Vehumet.
  2768 | D:3      | Became a worshipper of Vehumet
  3320 | D:3      | Found an ancient bone altar of Kikubaaqudgha.
  3320 | D:3      | Found an opulent altar of Gozag.
  3327 | D:3      | Found a faded altar of an unknown god.
  3329 | D:3      | Found a faded altar of an unknown god.
  3331 | D:3      | Found a blossoming altar of Fedhas.
  3537 | D:3      | Found a white marble altar of Elyvilon.
  4040 | D:4      | Found a sand-covered staircase.
  4044 | Ossuary  | Entered an ossuary
  4111 | Ossuary  | Slain by a mummy

Illustrated notes

Levels and vault maps discovered:
D:1:      onia_arrival_mini_maze, layout_basic,
          hellmonk_ecumenical_altar_zigzags
D:2:      layout_loops_corners, serial_shops, shop_statue
D:3:      minmay_chambers_of_threes, layout_basic, nicolae_vehumet_radiance,
          chequers_temple_overflow_minitemple, nicolae_elyvilon_temple_path,
          serial_rivers, chequers_serial_rivers_large_b,
          chequers_serial_rivers_room_b, chequers_serial_rivers_room_b,
          chequers_serial_rivers_micro_e, chequers_serial_rivers_small_b,
          chequers_serial_rivers_micro_e
D:4:      layout_basic, mainiacjoe_overflow_cross_hatched, portal_sewer_entry_a,
          nicolae_ossuary_entry_plus, minmay_distorted, uniq_robin
Ossuary:  ossuary_tomb_3

Skill      XL: |  1  2  3  4 |
---------------+-------------+-----
Spellcasting   | 5 |  5.9
Armour         | 1 |  1.0
Fighting       | 1 |  1.0
Conjurations   | 2 |  2.4
Stealth        | 3 |  3.0
Dodging        | |  2.9
Summonings     | |  1.1
Translocations | |  1.1

Action                   |  1- 3 |  4- 6 || total
-------------------------+-------+-------++-------
Melee: Dagger            |     3 |    32 ||    35
       Hand axe          |     1 |       ||     1
 Cast: Magic Dart        |   125 |    70 ||   195
       Mephitic Cloud    |     1 |       ||     1
       Conjure Flame     |       |     3 ||     3
       Blink             |       |     2 ||     2
Armor: Robe              |     5 |    10 ||    15
Dodge: Dodged            |     7 |    29 ||    36

Table legend: (Time is in decaauts)
 A = Elapsed time spent in this place.
 B = Non-inter-level travel time spent in this place.
 C = Inter-level travel time spent in this place.
 D = Time resting spent in this place.
 E = Time spent auto-exploring this place.
 F = Levels seen in this place.
 G = Mean time per level.
                   A        B        C        D        E       F      G
               +--------+--------+--------+--------+--------+-----+--------+
         Total |   4140 |   3956 |    184 |      5 |   3430 |   5 |  828.0 |
       Dungeon |   4074 |   3890 |    184 |      5 |   3430 |   4 | 1018.5 |
       Ossuary |     66 |     66 |      0 |      0 |      0 |   1 |   66.0 |
               +--------+--------+--------+--------+--------+-----+--------+

Top non-repeatable levels by time:
     D:1: 1539 daAuts
     D:3: 1510 daAuts
     D:2: 997 daAuts
 Ossuary: 66 daAuts
     D:4: 26 daAuts
